 Dungeon Crawl Stone Soup version 0.26.1-11-gd32895ea62 (webtiles) character file.

Game seed: 18254391899326431206

599 nomophobia the Chopper (level 7, 0/55 HPs)
             Began as a Demonspawn Berserker on May 24, 2021.
             Was a Priest of Trog.
             Slain by an ogre
             ... wielding a +0 giant club
              (24 damage)
             ... on level 4 of the Dungeon.
             The game lasted 00:19:02 (3830 turns).

nomophobia the Chopper (Demonspawn Berserker)       Turns: 3830, Time: 00:19:02

Health: 0/55       AC: 10    Str: 19    XL:     7   Next: 17%
Magic:  7/7        EV:  8    Int:  8    God:    Trog [***...]
Gold:   178        SH:  6    Dex: 13    Spells: 6/6 levels left

rFire    . . .     SeeInvis .   a - +0 hand axe
rCold    . . .     Faith    .   (no shield)
rNeg     . . .     Spirit   .   b - +0 chain mail
rPois    .         Reflect  .   g - +0 helmet
rElec    .         Harm     .   (no cloak)
rCorr    .         Rampage  .   (no gloves)
Will     .....                  (no boots)
Stlth    ..........             (no amulet)
HPRegen  0.18/turn              (no ring)
MPRegen  0.10/turn              (no ring)

@: berserk cooldown, slowed, very slow
A: claws 1, large bone plates 2, spiny 1
a: Renounce Religion, Berserk, Trog's Hand


You were on level 4 of the Dungeon.
You worshipped Trog.
Trog was most pleased with you.
You visited 1 branch of the dungeon, and saw 4 of its levels.

You collected 178 gold pieces.

Inventory:

Hand Weapons
 a - a +0 hand axe (weapon)
Armour
 b - a +0 chain mail (worn)
 g - a +0 helmet (worn)
Scrolls
 j - 2 scrolls of identify
 k - a scroll of remove curse
Potions
 c - 2 potions of heal wounds {unknown}
 d - 2 potions of magic {unknown}
 e - 3 potions of brilliance {unknown}
 f - a potion of ambrosia {unknown}
 h - a potion of mutation {unknown}
 i - 2 potions of invisibility {unknown}
 l - 2 potions of degeneration {unknown}


   Skills:
 + Level 4.6 Fighting
 * Level 5.2 Axes
 * Level 4.7 Armour
 - Level 1.7 Dodging


You had 6 spell levels left.
You didn't know any spells.
Your spell library was empty.

Dungeon Overview and Level Annotations

Branches:
Dungeon (4/15)
 Temple: D:4-7

Altars:
Elyvilon


Innate Abilities, Weirdness & Mutations

You have sharp fingernails.
You are mostly covered in large bone plates. (SH +6)
You are partially covered in sharp spines.


Message History

The magic dart hits you.
You hit Blork the orc.
Blork the orc is severely wounded.
You hit the ogre. The ogre hits you but does no damage.
Blork the orc hits you with a +0 glaive.
You slash Blork the orc!
You kill Blork the orc!
Trog accepts your kill.
Trog appreciates your killing of a magic user.
You completely miss the ogre.
You are no longer berserk.
You are exhausted.
You feel yourself slow down. The ogre is struck by your spines.
The ogre barely misses you.
Things that are here:
a +0 glaive; a +2 robe of willpower You hit the ogre.
The ogre is severely wounded.
The ogre hits you with a +0 giant club!!
You die...

#........##.#
###......##.. ########
#..........
......######..........
#...#.#.##.#.....###.#
#.#.......#.########.#
#....#....## #...
#......#.# #...
..##@.....# #...
#..O.....# #...
#....#....# #####...
#.#...#....# #........
#.....................
...#.....?.###........
....#.#.......######...
#####......##. #...
#...


You could see an ogre.

Vanquished Creatures
  A sky beast (D:4)
  Blork the orc (D:4)
  2 howler monkeys
  An orc priest (D:3)
  4 orc wizards (D:3)
  A hound zombie (D:3)
  7 gnolls
  4 adders
  3 oozes
  5 worms
  5 dart slugs
  2 leopard geckos (D:2)
  5 orcs (D:3)
  9 bats
  2 giant cockroaches
  4 goblins
  7 hobgoblins
  9 jackals
  A quokka (D:2)
  A ball python (D:1)
  5 frilled lizards
  7 kobolds
  10 rats
96 creatures vanquished.

Notes
Turn   | Place    | Note
-------+----------+-------------------------------------------
     0 | D:1      | nomophobia the Demonspawn Berserker began the quest for the
                  | Orb.
     0 | D:1      | Reached XP level 1. HP: 18/18 MP: 1/1
   144 | D:1      | Gained mutation: You are partially covered in large bone
                  | plates. (SH +4) [demonic ancestry]
   144 | D:1      | Reached XP level 2. HP: 19/24 MP: 2/2
   213 | D:1      | Reached skill level 3 in Axes
  1144 | D:1      | Reached XP level 3. HP: 21/29 MP: 3/3
  1524 | D:2      | Reached ** piety under Trog
  2009 | D:2      | Gained mutation: You are mostly covered in large bone
                  | plates. (SH +6) [demonic ancestry]
  2009 | D:2      | Reached XP level 4. HP: 31/35 MP: 4/4
  2370 | D:3      | Found a white marble altar of Elyvilon.
  2393 | D:3      | Reached skill level 4 in Axes
  2393 | D:3      | Gained mutation: You are partially covered in sharp spines.
                  | [demonic ancestry]
  2393 | D:3      | Reached XP level 5. HP: 27/42 MP: 5/5
  2774 | D:3      | Gained mutation: You have sharp fingernails. [demonic
                  | ancestry]
  2774 | D:3      | Reached XP level 6. HP: 48/48 MP: 6/6
  3013 | D:3      | Reached *** piety under Trog
  3815 | D:4      | Noticed Blork the orc
  3816 | D:4      | Noticed a sky beast
  3823 | D:4      | Killed a sky beast
  3824 | D:4      | Reached skill level 5 in Axes
  3824 | D:4      | Reached XP level 7. HP: 55/55 MP: 7/7
  3828 | D:4      | Killed Blork the orc
  3830 | D:4      | Slain by an ogre

Illustrated notes

Levels and vault maps discovered:
D:1:      scummos_arrival_simple_fountains, layout_basic, minivault_11
D:2:      layout_loops_cross, grunt_ministairs_5
D:3:      layout_basic, amethyst_killhole, elyvilon_altar_5
D:4:      layout_loops_cross, chequers_temple_overflow_statue_of_worship,
          st_stairs_11, minmay_manual_monstrance, uniq_blork_the_orc

Skill      XL: |  1  2  3  4  5  6 |
---------------+-------------------+-----
Armour         | 2 3 4 |  4.7
Axes           | 3 4 5 |  5.2
Fighting       | 4 |  4.6
Dodging        | |  1.7

Action                   |  1- 3 |  4- 6 |  7- 9 || total
-------------------------+-------+-------+-------++-------
Melee: Hand axe          |   108 |   148 |     5 ||   261
Invok: Berserk           |     3 |     4 |       ||     7
  Use: Scroll            |       |     3 |       ||     3
Armor: Animal skin       |     3 |       |       ||     3
       Scale mail        |    29 |    13 |       ||    42
       Chain mail        |       |    28 |     1 ||    29
Dodge: Dodged            |    61 |    56 |     1 ||   118
Block: Other             |    14 |    43 |       ||    57
